 Dungeon Crawl Stone Soup version 0.31-a0-1088-gb0f5842 (webtiles) character file.

Game seed: 15946648151358448104

26 No0ne1 the Trooper (level 2, -1/27 HPs)
             Began as a Minotaur Fighter on Nov 28, 2023.
             Slain by a gnoll
             ... wielding a +0 whip
              (4 damage)
             ... on level 2 of the Dungeon.
             The game lasted 00:03:44 (875 turns).

No0ne1 the Trooper (Minotaur Fighter)                Turns: 875, Time: 00:03:45

Health: -1/27      AC:  7    Str: 20    XL:     2   Next: 89%
Magic:  1/1        EV:  9    Int:  5    God:
Gold:   968        SH:  4    Dex:  9    Spells: 1/1 levels left

rFire   . . .        e - +1 long sword (holy)
rCold   . . .        c - +0 buckler
rNeg    . . .        b - +0 scale mail
rPois   .            (helmet restricted)
rElec   .            (no cloak)
rCorr   .            (no gloves)
SInv    .            (no boots)
Will    .....        (no amulet) Stlth
                     h - ring of flight
HPRegen 0.24/turn    (no ring)
MPRegen 0.07/turn

%: no passive effects
@: flying
A: horns 2, retaliatory headbutt
a: no special abilities


You were on level 2 of the Dungeon.
You visited 1 branch of the dungeon, and saw 2 of its levels.

You collected 968 gold pieces.

Inventory:

Hand Weapons
 a - a +0 flail
 e - a +1 long sword of holy wrath (weapon)
Armour
 b - a +0 scale mail (worn)
 c - a +0 buckler (worn)
Jewellery
 h - a ring of flight (left hand)
Scrolls
 g - a scroll of vulnerability {unknown}
Potions
 d - a potion of might


   Skills:
 * Level 4.3 Fighting
 * Level 2.6 Maces & Flails
 * Level 4.1 Armour
 * Level 3.9 Shields


You had one spell level left.
You didn't know any spells.
Your spell library contained the following spells:

 Spells                   Type           Power      Damage    Failure   Level
 Dazzling Flash           Conj/Hex       0%         N/A       99%         3
 Volatile Blastmotes      Fire/Tloc      0%         2d10      99%         3
 Starburst                Conj/Fire      0%         6d3       100%        6
 Maxwell's Capacitive Co  Air            0%         ∞         100%        8


Dungeon Overview and Level Annotations

Branches:
Dungeon (2/15)

Altars:


Innate Abilities, Weirdness & Mutations

You have a pair of horns on your head.
You reflexively headbutt those who attack you in melee.


Message History

A gnoll comes into view. It is wielding a +0 club.
There are monsters nearby!
A dart slug comes into view.
A gnoll comes into view. It is wielding a +0 whip.
The dart slug launches a dart at you. You block the slug dart.
The gnoll hits you from afar with a +0 spear.
The gnoll hits you from afar with a +0 spear.
The gnoll attacks as it pursues you! You block the gnoll's attack.
You block the gnoll's attack.
You barely miss the gnoll. You headbutt the gnoll!
The gnoll is severely wounded.
The gnoll hits you from afar with a +0 spear.
You hit the gnoll but do no damage. The gnoll hits you with a +0 whip.
You block the gnoll's attack.
You hit the gnoll.
The gnoll is moderately wounded.
The gnoll misses you. The gnoll hits you but does no damage.
You block the gnoll's attack.
The gnoll hits you from afar with a +0 spear.
* * * LOW HITPOINT WARNING * * *
You closely miss the gnoll. Your headbutt misses the gnoll.
The gnoll is moderately wounded.
You block the gnoll's attack. The gnoll completely misses you.
You slash the gnoll!
The gnoll is severely wounded.
The gnoll hits you with a +0 whip.
* * * LOW HITPOINT WARNING * * *
The gnoll hits you from afar with a +0 spear.
* * * LOW HITPOINT WARNING * * *
The gnoll hits you with a +0 whip.
* * * LOW HITPOINT WARNING * * *
Unknown command.
You hit the gnoll.
The gnoll is almost dead.
The gnoll closely misses you. You block the gnoll's attack. x2
You closely miss the gnoll.
The gnoll is almost dead.
The gnoll hits you with a +0 whip.
You die...

####### . #.....#
...#### #.....#
......g##.....########
⌠.....gg@........(....
......w#######...#####
...###. #...# . ##
###...#####
#..........
#..........
##..........
#<..........
##..........


You could see 3 gnolls and a dart slug.

Vanquished Creatures
  A dart slug (D:1)
  2 ball pythons (D:1)
  3 endoplasms (D:1)
  3 giant cockroaches (D:1)
  2 hobgoblins (D:1)
  A quokka (D:2)
  4 bats (D:1)
  A frilled lizard (D:1)
  3 kobolds (D:1)
  3 rats (D:1)
23 creatures vanquished.

Notes
Turn   | Place    | Note
-------+----------+-------------------------------------------
     0 | D:1      | No0ne1 the Minotaur Fighter began the quest for the Orb.
     0 | D:1      | Reached XP level 1. HP: 19/19 MP: 0/0
   127 | D:1      | Reached XP level 2. HP: 27/27 MP: 1/1
   835 | D:1      | Identified a scroll of acquirement
   835 | D:1      | Acquired 898 gold pieces
   875 | D:2      | Slain by a gnoll

Illustrated notes

Levels and vault maps discovered:
D:1:      scummos_arrival_forest, layout_basic, st_stairs_13
D:2:      minmay_evil_eye, layout_basic, kennysheep_path_1,
          minmay_misc_feat_chi, minmay_misc_feat_plants, grunt_ministairs_6,
          minmay_misc_feat_diagonals

Skill      XL: |  1  2 |
---------------+-------+-----
Fighting       | 4 |  4.3
Armour         | 4 |  4.1
Maces & Flails | |  2.6
Shields        | |  3.9

Action                     || total
---------------------------++-------
  Melee: Flail             ||    13
         Long sword        ||    32
         Headbutt          ||     5
    Use: Scroll            ||     1
 Armour: Scale mail        ||    38
  Dodge: Dodged            ||    25
  Block: Buckler           ||    15

Table legend: (Time is in decaauts)
 A = Elapsed time spent in this place.
 B = Non-inter-level travel time spent in this place.
 C = Inter-level travel time spent in this place.
 D = Time resting spent in this place.
 E = Time spent auto-exploring this place.
 F = Levels seen in this place.
 G = Mean time per level.
                   A        B        C        D        E       F      G
               +--------+--------+--------+--------+--------+-----+--------+
         Total |    890 |    883 |      7 |      0 |    664 |   2 |  445.0 |
       Dungeon |    890 |    883 |      7 |      0 |    664 |   2 |  445.0 |
               +--------+--------+--------+--------+--------+-----+--------+

Top non-repeatable levels by time:
     D:1: 856 daAuts
     D:2: 34 daAuts
